 Dungeon Crawl Stone Soup version 0.31-a0-544-gceb718ecc6 (webtiles) character file.

Game seed: 11371958275793577393

21041 randomguy2701 the Eclecticist (level 12, -14/59 HPs)
             Began as a Deep Elf Necromancer on Aug 15, 2023.
             Was a Priest of Sif Muna.
             Killed from afar by a frost giant (25 damage)
             ... with a bolt of cold
             ... in an ice cave on Aug 16, 2023.
             The game lasted 01:14:42 (17386 turns).

randomguy2701 the Eclecticist (DENe)               Turns: 17386, Time: 01:14:44

Health: -14/59     AC:  9    Str:  5    XL:     12   Next: 50%
Magic:  8/44       EV: 14    Int: 26    God:    Sif Muna [***...]
Gold:   527        SH:  5    Dex: 15    Spells: 25/46 levels left

rFire   . . .        D - +7 falchion of Ancient Evil {elec, *Rage rElec rN++ MP+9}
rCold   + . .        (no shield)
rNeg    + + +        s - +0 steam dragon scales
rPois   .            B - +1 helmet
rElec   +            (no cloak)
rCorr   .            A - +0 pair of gloves
SInv    .            n - +0 pair of boots
Will    +....        p - amulet of reflection
Stlth   +++          v - ring of positive energy
HPRegen 0.29/turn    G - ring of protection from cold
MPRegen 0.29/turn

%: random rage (20%), reflection
@: animating dead
A: teleportitis 1
a: Renounce Religion, Channel Magic, Forget Spell


You were in an ice cave.
You worshipped Sif Muna.
Sif Muna was most pleased with you.
You visited 3 branches of the dungeon, and saw 13 of its levels.
You also visited: Ice Cave.

You collected 527 gold pieces.

Inventory:

Hand Weapons
 w - a +0 orcbow
 D - the +7 falchion of Ancient Evil (weapon) {elec, *Rage rElec rN++ MP+9}
   (You found it on level 9 of the Dungeon)

   rElec:     It insulates you from electricity.
   rN++:      It greatly protects you from negative energy.
   MP+9:      It affects your magic capacity (+9).
   *Rage:     It berserks you when you make melee attacks (+20% chance).
 J - the +7 whip of the Tomato {heavy, rElec Stlth+}
   (You took it off an orc on level 3 of the Dungeon)

   rElec:     It insulates you from electricity.
   Stlth+:    It makes you more stealthy.
Armour
 a - a +0 robe
 b - the +0 cloak of the Teaching Gods {rF++ rN+ Will-}
   (You found it on level 6 of the Dungeon)

   rF++:      It greatly protects you from fire.
   rN+:       It protects you from negative energy.
   Will-:     It decreases your willpower.
 n - a +0 pair of boots (worn)
 s - +0 steam dragon scales (worn)
 x - a +0 troll leather armour
 A - a +0 pair of gloves (worn)
 B - a +1 helmet (worn)
Jewellery
 i - a +6 ring of dexterity
 p - an amulet of reflection (around neck)
 v - a ring of positive energy (left hand)
 G - a ring of protection from cold (right hand)
 K - a ring of flight
Wands
 C - a wand of polymorph (15)
 I - a wand of charming (6)
 L - a wand of digging (4)
 M - a wand of flame (2)
Scrolls
 k - a scroll of noise
 r - 2 scrolls of teleportation
 u - a scroll of poison
 y - a scroll of enchant armour
 E - a scroll of vulnerability
 F - 2 scrolls of immolation {unknown}
Potions
 c - 5 potions of haste
 d - 3 potions of attraction
 e - 4 potions of lignification
 g - a potion of enlightenment {unknown}
 h - a potion of resistance
 j - 2 potions of might
 m - 4 potions of curing
 o - a potion of mutation {unknown}
 t - 2 potions of berserk rage
 z - a potion of brilliance {unknown}
 H - a potion of magic


   Skills:
 - Level 0.1 Fighting
 - Level 0.3 Long Blades
 + Level 5.0 Dodging
 + Level 5.7 Stealth
 - Level 0.2 Shields
 - Level 0.1 Unarmed Combat
 + Level 17.9 Spellcasting
 + Level 0.8 Hexes
 * Level 5.5 Summonings
 + Level 15.5 Necromancy
 * Level 5.9 Invocations
 + Level 0.7 Evocations


You had 25 spell levels left.
You knew the following spells:

 Your Spells              Type           Power      Damage    Failure   Level
a - Necrotise             Necr           100%       1d9       0%          1
b - Vampiric Draining     Necr           81%        2d11      0%          3
c - Dispel Undead         Necr           81%        3d26      1%          4
d - Summon Guardian Gole  Hex/Summ       39%        N/A       1%          3
e - Animate Dead          Necr           81%        N/A       1%          4
f - Summon Cactus Giant   Summ           25%        N/A       32%         6

Your spell library contained the following spells:

 Spells                   Type           Power      Damage    Failure   Level
 Sublimation of Blood     Necr           81%        N/A       0%          2
 Apportation              Tloc           46%        N/A       1%          1
 Kiss of Death            Conj/Necr      100%       2d13      1%          1
 Summon Small Mammal      Summ           100%       N/A       1%          1
 Cigotuvi's Dreadful Rot  Necr/Pois/Air  100%       N/A       1%          2
 Call Canine Familiar     Summ           51%        N/A       1%          3
 Agony                    Necr           81%        N/A       1%          5
 Death Channel            Necr           40%        N/A       1%          6
 Borgnjor's Vile Clutch   Necr/Erth      29%        N/A       2%          5
 Wereblood                Tmut           23%        N/A       3%          2
 Confusing Touch          Hex            27%        N/A       4%          3
 Ignite Poison            Fire/Tmut/Pois 23%        N/A       6%          3
 Summon Mana Viper        Hex/Summ       39%        N/A       16%         5
 Summon Forest            Summ/Tloc      18%        N/A       19%         5
 Freezing Cloud           Conj/Ice/Air   11%        6-21      50%         5
 Summon Hydra             Summ           25%        N/A       87%         7


Dungeon Overview and Level Annotations

Branches:
Dungeon (11/15)            Temple (1/1) D:6            Lair (1/5) D:10
    Orc (0/2) D:10          IceCv (1/1)

Altars:
Ashenzari
Cheibriados
Dithmenos
Elyvilon
Fedhas
Gozag
Hepliaklqana
Kikubaaqudgha
Makhleb
Nemelex Xobeh
Okawaru
Qazlal
Ru
Sif Muna
Trog
Uskayaw
Vehumet
Wu Jian
Xom
Yredelemnul
Zin
The Shining One

Shops:
D:8 =

Annotations:
D:4 3 runed translucent doors, Grinder; Shayle's ghost, novice OgSh
D:9 exclusion: obsidian statue
D:10 3 runed translucent doors, jasper's ghost, novice SpSh IceCv exclusion: ice statue


Innate Abilities, Weirdness & Mutations

You are occasionally teleported next to monsters.


Message History

Something hits your yak zombie!!
You hear a howl!
You hear an angry growl.
You swap places.
The frost giant shouts!
The frost giant writhes in agony.
Your yak zombie gores the frost giant!
Unknown command.
The wolf bites your yak zombie.
Your yak zombie gores the wolf.
The wolf bites your yak zombie.
The wolf completely misses your yak zombie.
Your yak zombie gores the wolf!
You swap places.
The polar bear bites your yak zombie!
The polar bear claws your yak zombie but does no damage.
The polar bear claws your yak zombie. Something hits your yak zombie!!
Your yak zombie is destroyed!
Casting: Necrotise (safe; 0% risk of failure)
Confirm with . or Enter, or press ? or * to list all spells.
You dismiss your zombies and call upon the dead to rise afresh.
Your death yak zombie crumbles into dust!
Your yak zombie crumbles into dust!
The frost giant writhes in agony.
The frost giant writhes in agony.
The frost giant easily resists.
The frost giant hits you with a +1 battleaxe of freezing!!!
Ouch! That really hurt!
* * * LOW HITPOINT WARNING * * *
The frost giant freezes you.
* * * LOW HITPOINT WARNING * * *
You hear an angry growl.
Casting: Necrotise (safe; 0% risk of failure)
Confirm with . or Enter, or press ? or * to list all spells.
Aiming: Vampiric Draining (safe; 0% risk of failure)
Press: ? - help, Shift-Dir - straight line, f/p - frost giant
Aim: a frost giant, wielding a +1 battleaxe of freezing (heavily wounded)
You draw life force from the frost giant!
You feel life coursing into your body!
The frost giant gestures at you while chanting.
The bolt of cold hits you!! You resist.
You die...

####†...#...#**##≈≈#≈≈≈#######
##...##....### #######≈≈######
#..#########
######C###.≈###### ##...###
##).?#.#.##Z####### ##....##
#..⌠..###.Y########
##....######.h.##.Y##########
###.....#####..##hY.########
##.....####..###Yh.#######
###....#@Ch###.....######
####...######...#######
*,,#####,***,,***,*
**,****,∩,***,,,,,*
**,,,,,,,,,,*,,,,*
******,********** ***


You could see a frost giant and a polar bear.

Vanquished Creatures
  Erica (D:8)
  A death yak (IceCv)
  Jeremiah (D:8)
  An ugly thing (IceCv)
  A black mamba (Lair:1)
  Joseph (D:8)
  Maggie (D:6)
  Psyche (D:8)
  An unseen horror (D:11)
  A komodo dragon (Lair:1)
  4 kobold demonologists (D:10)
  A troll (D:9)
  4 polar bears (IceCv)
  3 hornets
  A blink frog (Lair:1)
  23 yaks
  2 wraiths
  2 steam dragons
  Edmund (D:6)
  Menkaure (D:6)
  4 water moccasins
  2 black bears
  3 orc warriors
  3 ice beasts
  2 sky beasts
  10 wolves (IceCv)
  2 ogres
  5 centaurs
  A kobold brigand (D:6)
  2 bullfrogs
  Blork the orc (D:6)
  2 gnoll sergeants
  5 scorpions
  3 wights (D:8)
  9 killer bees
  2 howler monkeys
  The ghost of SoEpicPie the Changeling, a weakling HuSh of Jiyva (D:3)
  A gnoll bouda (D:5)
  3 hounds
  6 orc priests
  Crazy Yiuf (D:7)
  3 jellies (D:5)
  7 iguanas
  2 sleepcaps
  19 orc wizards
  13 gnolls
  5 adders
  4 worms
  47 orcs
  5 ball pythons
  8 endoplasms
  A giant cockroach (D:3)
  6 goblins
  9 hobgoblins
  9 kobolds
  4 quokkas
  6 bats
  A frilled lizard (D:3)
  7 rats
276 creatures vanquished.

Vanquished Creatures (collateral kills)
  3 death yaks (IceCv)
  An ice devil (Lair:1)
  A polar bear (IceCv)
  2 blink frogs (Lair:1)
  10 yaks
  2 wolves (IceCv)
  An ogre (D:6)
  A kobold brigand (D:10)
  A scorpion (Lair:1)
  A gnoll (D:8)
  An adder (D:5)
  A giant cockroach (D:4)
  A quokka (D:4)
  A ball python (D:4)
27 creatures vanquished.

Vanquished Creatures (others)
  3 death yak zombies (IceCv)
  An ice devil (Lair:1)
  A yak (IceCv)
  2 blink frog zombies (Lair:1)
  A polar bear zombie (IceCv)
  8 yak zombies (IceCv)
  3 wolf zombies (IceCv)
  A scorpion zombie (Lair:1)
  3 orc zombies (D:10)
23 creatures vanquished.

Grand Total: 326 creatures vanquished

Notes
Turn   | Place    | Note
-------+----------+-------------------------------------------
     0 | D:1      | randomguy2701 the Deep Elf Necromancer began the quest for
                  | the Orb.
     0 | D:1      | Reached XP level 1. HP: 10/10 MP: 6/6
   206 | D:1      | Reached skill level 5 in Necromancy
   298 | D:1      | Reached XP level 2. HP: 15/15 MP: 6/8
  1102 | D:2      | Found an ornate altar of the Wu Jian Council.
  1108 | D:2      | Reached XP level 3. HP: 18/19 MP: 7/10
  1679 | D:2      | Reached skill level 4 in Spellcasting
  1958 | D:3      | Reached XP level 4. HP: 24/24 MP: 7/12
  2053 | D:3      | Found a runed translucent gate.
  2054 | D:3      | Found a runed translucent gate.
  2055 | D:3      | Found a runed translucent gate.
  2056 | D:3      | Noticed SoEpicPie's ghost (weakling HuSh)
  2058 | D:3      | Identified the +7 whip of the Tomato {heavy, rElec Stlth+}
  2058 | D:3      | Identified the +0 ring mail "Zomomica" {rN+ Stlth+}
  2767 | D:4      | Noticed a black bear
  2778 | D:4      | Killed a black bear
  2779 | D:4      | Reached skill level 5 in Spellcasting
  2779 | D:4      | Reached XP level 5. HP: 16/28 MP: 4/14
  2869 | D:4      | Learned a level 3 spell: Vampiric Draining
  2874 | D:4      | Learned a level 4 spell: Dispel Undead
  3275 | D:4      | Reached XP level 6. HP: 25/32 MP: 7/16
  3364 | D:4      | Found a shimmering altar of Xom.
  3466 | D:4      | Found a runed translucent gate.
  3466 | D:4      | Found a runed translucent gate.
  3466 | D:4      | Found a runed translucent gate.
  3468 | D:4      | Noticed Shayle's ghost (novice OgSh)
  3504 | D:4      | Reached skill level 6 in Spellcasting
  4071 | D:4      | Noticed Grinder
  4201 | D:4      | Paralysed by Grinder for 3 turns
  4249 | D:5      | Entered Level 5 of the Dungeon
  4256 | D:4      | Paralysed by Grinder for 4 turns
  4268 | D:4      | Paralysed by Grinder for 3 turns
  4521 | D:5      | Noticed a gargoyle
  4529 | D:5      | Reached XP level 7. HP: 35/36 MP: 12/19
  4539 | D:5      | Reached skill level 7 in Spellcasting
  4855 | D:5      | Noticed a yak
  4906 | D:5      | Reached skill level 8 in Spellcasting
  5022 | D:5      | Reached XP level 8. HP: 23/41 MP: 1/22
  5344 | D:5      | Reached skill level 9 in Spellcasting
  5613 | D:6      | Noticed Maggie
  5870 | D:6      | Found a staircase to the Ecumenical Temple.
  5878 | D:6      | Reached skill level 10 in Necromancy
  5908 | D:6      | Noticed Edmund
  5927 | D:6      | Killed Edmund
  5928 | D:6      | Reached skill level 10 in Spellcasting
  5934 | Temple   | Entered the Ecumenical Temple
  6355 | D:6      | Identified the +0 cloak of the Teaching Gods {rF++ rN+
                  | Will-}
  6413 | D:6      | Reached XP level 9. HP: 39/45 MP: 18/25
  6417 | D:6      | Reached skill level 11 in Spellcasting
  6441 | D:6      | Noticed Menkaure
  6564 | D:6      | Killed Menkaure
  6911 | D:6      | Noticed Blork the orc
  6919 | D:6      | Killed Blork the orc
  7262 | D:7      | Found a shimmering blue altar of Sif Muna.
  7268 | D:7      | Reached skill level 12 in Spellcasting
  7273 | D:7      | Became a worshipper of Sif Muna the Loreminder
  7582 | D:7      | Found a runed translucent door.
  7583 | D:7      | Noticed Crazy Yiuf
  8601 | D:6      | Killed Maggie
  8602 | D:6      | Reached skill level 13 in Spellcasting
  8843 | D:5      | Reached XP level 10. HP: 33/50 MP: 17/29
  9479 | D:3      | Killed SoEpicPie's ghost
  9480 | D:3      | Reached skill level 5 in Stealth
  9494 | D:3      | Reached * piety under Sif Muna
 10372 | D:7      | Killed Crazy Yiuf
 10502 | D:8      | Noticed Joseph
 10521 | D:8      | Noticed Jeremiah
 10531 | D:8      | Noticed Erica
 10551 | D:8      | Found Ottoupix's Jewellery Boutique.
 10596 | D:8      | Learned a level 3 spell: Summon Guardian Golem
 10651 | D:8      | Noticed Psyche
 10657 | D:8      | Killed Psyche
 10803 | D:8      | Paralysed by a hornet for 3 turns
 11010 | D:8      | Killed Jeremiah
 11011 | D:8      | Reached skill level 5 in Dodging
 11011 | D:8      | Reached skill level 14 in Spellcasting
 11200 | D:8      | Identified the +7 dagger of Death's Door {heavy, rPois rN+
                  | Stlth+}
 11226 | D:8      | Killed Joseph
 11513 | D:8      | Killed Erica
 11596 | D:8      | Reached skill level 15 in Spellcasting
 12061 | D:9      | Reached skill level 1 in Summonings
 12374 | D:9      | Noticed an obsidian statue
 12394 | D:9      | Identified the +7 falchion of Ancient Evil {elec, *Rage
                  | rElec rN++ MP+9}
 12587 | D:9      | Found a sacrificial altar of Ru.
 12602 | D:9      | Reached ** piety under Sif Muna
 12901 | D:9      | Reached XP level 11. HP: 54/54 MP: 32/32
 13404 | D:10     | Entered Level 10 of the Dungeon
 13640 | D:10     | Found a staircase to the Orcish Mines.
 13643 | D:10     | Found a staircase to the Lair.
 13675 | D:10     | Reached skill level 1 in Invocations
 14082 | D:10     | Found a glowing silver altar of Zin.
 14092 | D:10     | Noticed a sixfirhy
 14276 | D:10     | Gained mutation: You are occasionally teleported next to
                  | monsters. [a neqoxec]
 14288 | D:10     | Reached skill level 16 in Spellcasting
 14807 | D:10     | Found a runed translucent gate.
 14807 | D:10     | Found a runed translucent gate.
 14808 | D:10     | Found a runed translucent gate.
 14811 | D:10     | Noticed jasper's ghost (novice SpSh)
 14845 | D:10     | Learned a level 4 spell: Animate Dead
 15404 | D:11     | Noticed a two-headed ogre
 15725 | Lair:1   | Entered Level 1 of the Lair of Beasts
 15921 | Lair:1   | Found a frozen archway.
 16101 | IceCv    | Entered an ice cave
 16383 | IceCv    | Noticed a death yak
 16391 | IceCv    | Reached skill level 17 in Spellcasting
 16477 | IceCv    | Reached *** piety under Sif Muna
 16493 | IceCv    | Reached XP level 12. HP: 37/59 MP: 1/35
 16603 | IceCv    | Noticed a death yak
 16632 | IceCv    | Noticed a death yak
 16634 | IceCv    | Noticed a death yak
 16805 | IceCv    | Learned a level 6 spell: Summon Cactus Giant
 16827 | IceCv    | Killed a death yak
 16854 | IceCv    | Reached skill level 15 in Necromancy
 17044 | IceCv    | Reached skill level 5 in Invocations
 17065 | IceCv    | Reached skill level 5 in Summonings
 17340 | IceCv    | Killed a death yak
 17344 | IceCv    | Killed a death yak
 17347 | IceCv    | Killed a death yak
 17353 | IceCv    | Noticed a frost giant
 17386 | IceCv    | Killed from afar by a frost giant

Illustrated notes

Levels and vault maps discovered:
D:1:      dpeg_cavernosity, layout_loops_ring
D:2:      layout_loops_cross, basic_altar
D:3:      layout_rooms, biasface_ghost_orc_armoury
D:4:      layout_cave_pods, tgw_xom, ebering_ghost_rock_garden, uniq_grinder
D:5:      minmay_clustersquares, layout_rooms
D:6:      layout_basic, minmay_temple_entry_slanted, uniq_menkaure, uniq_maggie,
          uniq_blork_the_orc, uniq_edmund
D:7:      layout_basic, old_standard_altar, corexii_leaking_fountain,
          uniq_crazy_yiuf_cottage
D:8:      layout_loops_cross, serial_shops, shop, uniq_psyche, uniq_joseph,
          uniq_jeremiah, uniq_erica
D:9:      layout_rooms, nicolae_ru_awakened_eye, minmay_protected_statue
D:10:     layout_loops_ring, old_standard_altar, dpeg_oklobed_lair,
          gammafunk_ghost_split, nicolae_concentric_dashed_squares_mild
D:11:     layout_roguey, serial_shops, shop, chequers_arboretum
Temple:   eino_narrow_crystal_temple
Lair:1:   layout_small_grid, portal_ice_cave_demonic_guard,
          serial_bayou_lagoon_a, grunt_megastairs_4
IceCv:    ice_cave_caverns_01

Skill      XL: |  1  2  3  4  5  6  7  8  9 10 11 12 |
---------------+-------------------------------------+-----
Necromancy     | 5 6 7 8 9 10 12 13 14 15 | 15.5
Spellcasting   | 4 5 6 8 10 13 15 17 | 17.9
Dodging        | 3 4 5 |  5.0
Stealth        | 3 4 5 |  5.7
Summonings     | 1 4 5 |  5.5
Invocations    | 4 5 |  5.9
Fighting       | |  0.1
Long Blades    | |  0.3
Shields        | |  0.2
Unarmed Combat | |  0.1
Hexes          | |  0.8
Evocations     | |  0.7

Action                     |  1- 3 |  4- 6 |  7- 9 | 10-12 || total
---------------------------+-------+-------+-------+-------++-------
  Melee: Unarmed           |     2 |     4 |     2 |       ||     8
         Falchion          |       |       |       |    36 ||    36
         Whip              |       |       |       |     2 ||     2
   Fire: Orcbow            |       |       |       |     1 ||     1
   Cast: Necrotise         |    68 |   121 |   263 |   342 ||   794
         Vampiric Draining |       |     5 |    41 |   171 ||   217
         Dispel Undead     |       |     1 |     1 |     5 ||     7
         Summon Guardian G |       |       |       |    15 ||    15
         Animate Dead      |       |       |       |    13 ||    13
         Summon Cactus Gia |       |       |       |     1 ||     1
  Evoke: Wand              |       |       |     3 |     5 ||     8
    Use: Scroll            |     1 |       |       |    22 ||    23
         Potion            |       |       |     4 |     6 ||    10
   Stab: Sleeping          |     1 |       |       |       ||     1
         Distracted        |       |       |       |     1 ||     1
 Armour: Robe              |       |    13 |    25 |     6 ||    44
         Steam dragon scal |       |       |       |    84 ||    84
  Dodge: Dodged            |    13 |    22 |    96 |   207 ||   338
  Block: Other             |       |       |       |    71 ||    71
         Reflection        |       |       |       |     3 ||     3

Table legend: (Time is in decaauts)
 A = Elapsed time spent in this place.
 B = Non-inter-level travel time spent in this place.
 C = Inter-level travel time spent in this place.
 D = Time resting spent in this place.
 E = Time spent auto-exploring this place.
 F = Levels seen in this place.
 G = Mean time per level.
                   A        B        C        D        E       F      G
               +--------+--------+--------+--------+--------+-----+--------+
         Total |  17468 |  15819 |   1649 |   1761 |  10016 |  14 | 1247.7 |
       Dungeon |  15464 |  13815 |   1649 |   1040 |   9470 |  11 | 1405.8 |
        Temple |    327 |    327 |      0 |      0 |    317 |   1 |  327.0 |
          Lair |    375 |    375 |      0 |    121 |      0 |   1 |  375.0 |
      Ice Cave |   1300 |   1300 |      0 |    600 |    229 |   1 | 1300.0 |
               +--------+--------+--------+--------+--------+-----+--------+

Top non-repeatable levels by time:
     D:5: 1918 daAuts
     D:4: 1873 daAuts
     D:9: 1869 daAuts
     D:7: 1722 daAuts
    D:10: 1635 daAuts
     D:8: 1617 daAuts
     D:6: 1383 daAuts
     D:3: 1319 daAuts
   IceCv: 1300 daAuts
     D:1: 1035 daAuts
     D:2: 960 daAuts
  Lair:1: 375 daAuts
  Temple: 327 daAuts
    D:11: 130 daAuts
